HBL
JACKSONVILLE SUNS @ HARTFORD WHALERS
06/12/1997
 
TOP OF THE 1ST
Jacksonville Suns batting - Pitching for Hartford Whalers : RHP Mike Thurman
Pitching: RHP Mike Thurman
Batting: RHB Damon Buford 0-0: Ball
1-0: Called Strike
1-1: Ball
2-1: SOLO HOME RUN (Flyball, 7LD, EV 91.3 MPH), Distance : 345 ft
Batting: RHB Chris Gomez 0-0: Foul Ball, location: 2F
0-1: Ball
1-1: Foul Ball, location: 2F
1-2: Foul Ball, location: 2F
1-2: Ball
2-2: Foul Ball, location: 2F
2-2: Fly out, F9 (Flyball, 9, EV 76.3 MPH)
Batting: LHB Sean Casey 0-0: SINGLE (Flyball, 7LS, EV 81.3 MPH)
Batting: RHB Ozzie Timmons 0-0: Called Strike
0-1: Fly out, F3 (Line Drive, 3, EV 60.0 MPH)
Lined into DP, U3 (Line Drive, 3, EV 67.5 MPH)
Top of the 1st over - 1 run, 2 hits, 0 errors, 0 left on base; Jacksonville 1 - Hartford 0
BOTTOM OF THE 1ST
Hartford Whalers batting - Pitching for Jacksonville Suns : RHP Ricky Bones
Pitching: RHP Ricky Bones
Batting: LHB Todd Dunwoody 0-0: Swinging Strike
0-1: Swinging Strike
0-2: Ball
1-2: Ball
2-2: Foul Ball, location: 2F
2-2: Ball
3-2: Base on Balls
Batting: RHB Alex Ochoa 0-0: Fly out, F3 (Line Drive, 3, EV 69.4 MPH)
Batting: LHB Todd Walker 0-0: Called Strike
0-1: Fielders Choice at 2nd, 1-6 (Groundball, 23, EV 85.0 MPH)
Batting: RHB Kurt Abbott 0-0: Called Strike
0-1: Fielders Choice at 2nd, 6-4 (Groundball, 6, EV 90.6 MPH)
Bottom of the 1st over - 0 runs, 0 hits, 0 errors, 1 left on base; Jacksonville 1 - Hartford 0
TOP OF THE 2ND
Jacksonville Suns batting - Pitching for Hartford Whalers : RHP Mike Thurman
Batting: RHB Doug Mirabelli 0-0: Called Strike
0-1: Ball
1-1: Called Strike
1-2: Ball
2-2: Foul Ball, location: 2F
2-2: Ball
3-2: Foul Ball, location: 2F
3-2: Fly out, F9 (Flyball, 9LS, EV 90.6 MPH)
Batting: RHB Angel Echevarria 0-0: Ball
1-0: Ball
2-0: Foul Ball, location: 2F
2-1: SINGLE (Line Drive, 34D, EV 100.0 MPH)
Batting: RHB Brian Lesher 0-0: Swinging Strike
0-1: Swinging Strike
0-2: Fly out, F9 (Flyball, 9, EV 86.9 MPH)
Batting: LHB Pete Rose Jr 0-0: Ball
1-0: Ball
2-0: Ball
3-0: Foul Ball, location: 2F
3-1: Base on Balls
Angel Echevarria to second
Batting: RHB Jorge Velandia 0-0: Ball
1-0: SINGLE (Groundball, 34D, EV 98.8 MPH)
Angel Echevarria to third
Pete Rose Jr to second
Runner from 3rd tries for Home, SAFE, throw by RF to home
Batting: RHB Damon Buford 0-0: Ball
1-0: Ball
2-0: SINGLE (Groundball, 56D, EV 95.6 MPH)
Pete Rose Jr to third
Jorge Velandia to second
Runner from 3rd tries for Home, SAFE, throw by LF to home
Batting: RHB Chris Gomez 0-0: Called Strike
0-1: Fly out, F6 (Popup, 6S, EV 75.6 MPH)
Top of the 2nd over - 2 runs, 3 hits, 0 errors, 2 left on base; Jacksonville 3 - Hartford 0
BOTTOM OF THE 2ND
Hartford Whalers batting - Pitching for Jacksonville Suns : RHP Ricky Bones
Batting: LHB Dave Hansen 0-0: Called Strike
0-1: Swinging Strike
0-2: Foul Ball, location: 2F
0-2: Ground out 4-3 (Groundball, 4, EV 78.1 MPH)
Batting: LHB Rod Myers 0-0: Foul Ball, location: 2F
0-1: Ball
1-1: Fly out, F8 (Flyball, 8LXD, EV 95.0 MPH)
Batting: SHB Felipe Crespo 0-0: Ball
1-0: Ground out 4-3 (Groundball, 4, EV 88.1 MPH)
Bottom of the 2nd over - 0 runs, 0 hits, 0 errors, 0 left on base; Jacksonville 3 - Hartford 0
TOP OF THE 3RD
Jacksonville Suns batting - Pitching for Hartford Whalers : RHP Mike Thurman
Batting: LHB Sean Casey 0-0: Ball
1-0: Called Strike
1-1: Foul Ball, location: 2F
1-2: Foul Ball, location: 2F
1-2: Fly out, F7 (Flyball, 7, EV 85.6 MPH)
Batting: RHB Ozzie Timmons 0-0: Ball
1-0: Ball
2-0: Foul Ball, location: 2F
2-1: Fly out, F8 (Flyball, 8LM, EV 86.3 MPH)
Batting: RHB Doug Mirabelli 0-0: Ball
1-0: Swinging Strike
1-1: Ball
2-1: Swinging Strike
2-2: Fly out, F8 (Flyball, 89XD, EV 90.0 MPH)
Top of the 3rd over - 0 runs, 0 hits, 0 errors, 0 left on base; Jacksonville 3 - Hartford 0
BOTTOM OF THE 3RD
Hartford Whalers batting - Pitching for Jacksonville Suns : RHP Ricky Bones
Batting: RHB Kevin Jordan 0-0: Called Strike
0-1: Ball
1-1: Called Strike
1-2: Foul Ball, location: 2F
1-2: Foul Ball, location: 2F
1-2: Fly out, F3 (Popup, 3F, EV 78.1 MPH)
Batting: RHB Mike Matheny 0-0: Ball
1-0: Called Strike
1-1: Called Strike
1-2: Foul Ball, location: 2F
1-2: Ball
2-2: Fly out, F9 (Line Drive, 9, EV 108.1 MPH)
Batting: LHB Todd Dunwoody 0-0: Fly out, F7 (Line Drive, 7, EV 95.6 MPH)
Bottom of the 3rd over - 0 runs, 0 hits, 0 errors, 0 left on base; Jacksonville 3 - Hartford 0
TOP OF THE 4TH
Jacksonville Suns batting - Pitching for Hartford Whalers : RHP Mike Thurman
Batting: RHB Angel Echevarria 0-0: Ball
1-0: Foul Ball, location: 2F
1-1: Foul Ball, location: 2F
1-2: Strikes out swinging
Batting: RHB Brian Lesher 0-0: Ball
1-0: Foul Ball, location: 2F
1-1: Foul Ball, location: 2F
1-2: Ball
2-2: Foul Ball, location: 2F
2-2: Foul Ball, location: 2F
2-2: SINGLE (Line Drive, 9S, EV 106.3 MPH)
Batting: LHB Pete Rose Jr 0-0: Ball
1-0: SINGLE (Groundball, 4MD, EV 107.5 MPH)
Brian Lesher to second
Batting: RHB Jorge Velandia 0-0: Foul Ball, location: 2F
0-1: Ball
1-1: Called Strike
1-2: SINGLE (Groundball, 56D, EV 95.6 MPH)
Brian Lesher to third
Pete Rose Jr to second
Runner from 3rd tries for Home, SAFE, throw by LF to home
Batting: RHB Damon Buford 0-0: Ball
1-0: Ball
2-0: Foul Ball, location: 2F
2-1: Ball
3-1: Called Strike
3-2: SINGLE (Line Drive, 9LS, EV 93.8 MPH)
Pete Rose Jr to third
Jorge Velandia to second
Runner from 3rd tries for Home, SAFE, throw by RF to home
Batting: RHB Chris Gomez 0-0: Foul Ball, location: 2F
0-1: Fly out, F9 (Flyball, 89M, EV 75.0 MPH)
Batting: LHB Sean Casey 0-0: Fly out, F9 (Flyball, 9, EV 98.1 MPH)
Top of the 4th over - 2 runs, 4 hits, 0 errors, 2 left on base; Jacksonville 5 - Hartford 0
BOTTOM OF THE 4TH
Hartford Whalers batting - Pitching for Jacksonville Suns : RHP Ricky Bones
Batting: RHB Alex Ochoa 0-0: Called Strike
0-1: Ball
1-1: Ball
2-1: Ball
3-1: Base on Balls
Batting: LHB Todd Walker 0-0: Ball
1-0: Ground out 4-3 (Groundball, 34D, EV 101.3 MPH)
Alex Ochoa to second
Batting: RHB Kurt Abbott 0-0: Ball
1-0: Ball
2-0: Called Strike
2-1: Called Strike
2-2: SINGLE (Groundball, 34D, EV 96.3 MPH)
Alex Ochoa to third
Runner from 3rd tries for Home, SAFE, no throw by RF
Batting: LHB Dave Hansen 0-0: Ball
1-0: Called Strike
1-1: Fly out, F7 (Flyball, 7LS, EV 81.9 MPH)
Batting: LHB Rod Myers 0-0: Ball
1-0: Called Strike
1-1: Ball
2-1: Swinging Strike
2-2: Ball
3-2: Fly out, F8 (Line Drive, 8RD, EV 99.4 MPH)
Bottom of the 4th over - 1 run, 1 hit, 0 errors, 1 left on base; Jacksonville 5 - Hartford 1
TOP OF THE 5TH
Jacksonville Suns batting - Pitching for Hartford Whalers : RHP Mike Thurman
Batting: RHB Ozzie Timmons 0-0: Fly out, F7 (Flyball, 7, EV 90.6 MPH)
Batting: RHB Doug Mirabelli 0-0: Ball
1-0: Ball
2-0: Ball
3-0: Base on Balls
Batting: RHB Angel Echevarria 0-0: Called Strike
0-1: Called Strike
0-2: Fly out, F9 (Flyball, 89M, EV 96.9 MPH)
Batting: RHB Brian Lesher 0-0: Called Strike
0-1: Foul Ball, location: 2F
0-2: Ball
1-2: Ground out U3 (Groundball, 34, EV 89.4 MPH)
Top of the 5th over - 0 runs, 0 hits, 0 errors, 1 left on base; Jacksonville 5 - Hartford 1
BOTTOM OF THE 5TH
Hartford Whalers batting - Pitching for Jacksonville Suns : RHP Ricky Bones
Batting: SHB Felipe Crespo 0-0: Foul Ball, location: 2F
0-1: Foul Ball, location: 2F
0-2: Ball
1-2: Ball
2-2: SINGLE (Line Drive, 7S, EV 98.8 MPH)
Batting: RHB Kevin Jordan 0-0: SINGLE (Groundball, 4D, EV 105.0 MPH)
Felipe Crespo to second
Runner from 2nd tries for 3rd, SAFE, throw by CF made to third
Batting: RHB Mike Matheny 0-0: Ball
1-0: Foul Ball, location: 2F
1-1: Ball
Wild Pitch!
Felipe Crespo scores
Kevin Jordan to second
2-1: Swinging Strike
2-2: Strikes out swinging
Batting: LHB Todd Dunwoody 0-0: Called Strike
0-1: Fly out, F8 (Line Drive, 8LM, EV 84.4 MPH)
Batting: RHB Alex Ochoa 0-0: Ball
1-0: Called Strike
1-1: Ball
2-1: Foul Ball, location: 2F
2-2: Ball
Wild Pitch!
Kevin Jordan to third
3-2: 2-RUN HOME RUN (Flyball, 78XD, EV 90.6 MPH), Distance : 393 ft
Batting: LHB Todd Walker 0-0: Ball
1-0: Ground out 4-3 (Groundball, 4, EV 98.8 MPH)
Bottom of the 5th over - 3 runs, 3 hits, 0 errors, 0 left on base; Jacksonville 5 - Hartford 4
TOP OF THE 6TH
Jacksonville Suns batting - Pitching for Hartford Whalers : RHP Mike Thurman
Pitching: RHP Brad Cornett
Batting: LHB Pete Rose Jr 0-0: Foul Ball, location: 2F
0-1: Called Strike
0-2: Strikes out swinging
Batting: RHB Jorge Velandia 0-0: Ball
1-0: Called Strike
1-1: SINGLE (Groundball, 6MD, EV 105.0 MPH)
Batting: RHB Damon Buford 0-0: Called Strike
0-1: Ball
1-1: Ball
2-1: Fielders Choice at 2nd, 6-4 (Groundball, 6, EV 85.0 MPH)
Batting: RHB Chris Gomez 0-0: Called Strike
Damon Buford is caught stealing 2nd base 2-4
Top of the 6th over - 0 runs, 1 hit, 0 errors, 0 left on base; Jacksonville 5 - Hartford 4
BOTTOM OF THE 6TH
Hartford Whalers batting - Pitching for Jacksonville Suns : RHP Ricky Bones
Batting: RHB Kurt Abbott 0-0: Swinging Strike
0-1: Ground out 6-3 (Groundball, 6, EV 90.0 MPH)
Batting: LHB Dave Hansen 0-0: Called Strike
0-1: Swinging Strike
0-2: Ball
1-2: Ball
2-2: Foul Ball, location: 2F
2-2: Foul Ball, location: 2F
2-2: Ball
3-2: Base on Balls
Batting: LHB Rod Myers 0-0: Ball
1-0: SINGLE (Line Drive, 56D, EV 108.8 MPH)
Dave Hansen to second
Batting: SHB Felipe Crespo 0-0: Ball
1-0: Fly out, F8 (Flyball, 89M, EV 93.8 MPH)
Batting: RHB Kevin Jordan 0-0: Ball
1-0: SINGLE (Groundball, 4MD, EV 96.9 MPH)
Dave Hansen to third
Rod Myers to second
Runner from 3rd tries for Home, SAFE, no throw by CF
Batting: RHB Mike Matheny 0-0: Called Strike
0-1: Ball
1-1: Ground out 6-3 (Groundball, 6S, EV 81.3 MPH)
Bottom of the 6th over - 1 run, 2 hits, 0 errors, 2 left on base; Jacksonville 5 - Hartford 5
TOP OF THE 7TH
Jacksonville Suns batting - Pitching for Hartford Whalers : RHP Brad Cornett
Batting: RHB Chris Gomez 0-0: Swinging Strike
0-1: Foul Ball, location: 2F
0-2: SOLO HOME RUN (Flyball, 78XD, EV 101.9 MPH), Distance : 390 ft
Batting: LHB Sean Casey 0-0: Called Strike
0-1: Ball
1-1: Ball
2-1: Foul Ball, location: 2F
2-2: Ground out U3 (Groundball, 3, EV 84.4 MPH)
Batting: RHB Ozzie Timmons 0-0: Called Strike
0-1: Ball
1-1: Called Strike
1-2: Ball
2-2: Strikes out swinging
Batting: RHB Doug Mirabelli 0-0: Ball
1-0: Called Strike
1-1: Fly out, F8 (Flyball, 8LD, EV 93.8 MPH)
Top of the 7th over - 1 run, 1 hit, 0 errors, 0 left on base; Jacksonville 6 - Hartford 5
BOTTOM OF THE 7TH
Hartford Whalers batting - Pitching for Jacksonville Suns : RHP Ricky Bones
Batting: LHB Todd Dunwoody 0-0: Called Strike
0-1: Foul Ball, location: 2F
0-2: Foul Ball, location: 2F
0-2: Fly out, F8 (Flyball, 78M, EV 84.4 MPH)
Batting: RHB Alex Ochoa 0-0: Called Strike
0-1: Ball
1-1: Ball
2-1: DOUBLE (Line Drive, 9LD, EV 101.3 MPH)
Batting: LHB Todd Walker 0-0: Ball
1-0: Foul Ball, location: 2F
1-1: Foul Ball, location: 2F
1-2: Ball
2-2: Foul Ball, location: 2F
2-2: Fly out, F8 (Flyball, 8RXD, EV 92.5 MPH)
Runner from 2nd tags up, SAFE at 3rd, no throw by CF
Batting: RHB Kurt Abbott 0-0: Fly out, F5 (Line Drive, 5, EV 63.8 MPH)
Bottom of the 7th over - 0 runs, 1 hit, 0 errors, 1 left on base; Jacksonville 6 - Hartford 5
TOP OF THE 8TH
Jacksonville Suns batting - Pitching for Hartford Whalers : RHP Brad Cornett
Batting: RHB Angel Echevarria 0-0: Called Strike
0-1: Ball
1-1: Ball
2-1: Called Strike
2-2: Ball
3-2: SINGLE (Flyball, 9S, EV 88.1 MPH)
Pitching: RHP Brady Raggio
Batting: RHB Brian Lesher 0-0: Ball
1-0: Ball
2-0: Called Strike
2-1: SINGLE (Line Drive, 8LS, EV 94.4 MPH)
Angel Echevarria to second
Batting: LHB Pete Rose Jr 0-0: Called Strike
0-1: Ball
1-1: Called Strike
1-2: Strikes out swinging
Batting: RHB Jorge Velandia 0-0: 3-RUN HOME RUN (Flyball, 7LD, EV 96.9 MPH), Distance : 340 ft
Batting: RHB Damon Buford 0-0: Foul Ball, location: 2F
0-1: Fly out, F8 (Flyball, 8LD, EV 102.5 MPH)
Batting: RHB Chris Gomez 0-0: Foul Ball, location: 2F
0-1: Ball
1-1: Ball
2-1: Ball
3-1: SINGLE (Line Drive, 8LS, EV 100.0 MPH)
Batting: LHB Sean Casey 0-0: Ball
1-0: Called Strike
1-1: Called Strike
1-2: Strikes out looking
Top of the 8th over - 3 runs, 4 hits, 0 errors, 1 left on base; Jacksonville 9 - Hartford 5
BOTTOM OF THE 8TH
Hartford Whalers batting - Pitching for Jacksonville Suns : RHP Ricky Bones
Pitching: RHP Shayne Bennett
Batting: LHB Dave Hansen 0-0: Ball
1-0: Foul Ball, location: 2F
1-1: Called Strike
1-2: Foul Ball, location: 2F
1-2: Foul Ball, location: 2F
1-2: Ball
2-2: Foul Ball, location: 2F
2-2: Foul Ball, location: 2F
2-2: Ball
3-2: Foul Ball, location: 2F
3-2: SINGLE (Line Drive, 9LM, EV 90.0 MPH)
Batting: LHB Rod Myers 0-0: Swinging Strike
0-1: Fly out, F5 (Popup, 56S, EV 87.5 MPH)
Batting: SHB Felipe Crespo 0-0: Ball
1-0: Foul Ball, location: 2F
1-1: Swinging Strike
1-2: Ground out U3 (Groundball, 3, EV 90.0 MPH)
Dave Hansen to second
Batting: RHB Kevin Jordan 0-0: Ground out 6-3 (Groundball, 6, EV 106.3 MPH)
Bottom of the 8th over - 0 runs, 1 hit, 0 errors, 1 left on base; Jacksonville 9 - Hartford 5
TOP OF THE 9TH
Jacksonville Suns batting - Pitching for Hartford Whalers : RHP Brady Raggio
Batting: RHB Ozzie Timmons 0-0: Called Strike
0-1: Foul Ball, location: 2F
0-2: Foul Ball, location: 2F
0-2: Foul Ball, location: 2F
0-2: Ball
1-2: Foul Ball, location: 2F
1-2: Strikes out swinging
Batting: RHB Doug Mirabelli 0-0: Fly out, F8 (Flyball, 8RS, EV 86.3 MPH)
Batting: RHB Angel Echevarria 0-0: Called Strike
0-1: Ball
1-1: Fly out, F9 (Flyball, 89D, EV 100.6 MPH)
Top of the 9th over - 0 runs, 0 hits, 0 errors, 0 left on base; Jacksonville 9 - Hartford 5
BOTTOM OF THE 9TH
Hartford Whalers batting - Pitching for Jacksonville Suns : RHP Shayne Bennett
Batting: RHB Mike Matheny 0-0: Ball
1-0: Swinging Strike
1-1: Foul Ball, location: 2F
1-2: Foul Ball, location: 2F
1-2: Strikes out looking
Batting: LHB Todd Dunwoody 0-0: Called Strike
0-1: Ball
1-1: Foul Ball, location: 2F
1-2: Ball
2-2: Ball
3-2: Base on Balls
Batting: RHB Alex Ochoa 0-0: Fly out, F8 (Flyball, 8RS, EV 91.3 MPH)
Batting: LHB Todd Walker 0-0: Swinging Strike
0-1: Ball
1-1: Ball
2-1: Ball
3-1: Fly out, F9 (Line Drive, 9, EV 86.9 MPH)
Bottom of the 9th over - 0 runs, 0 hits, 0 errors, 1 left on base; Jacksonville 9 - Hartford 5
Monday, February 23rd, 2026 - OOTP Baseball 20.8 Build 74